 Dungeon Crawl Stone Soup version 0.22-a0-282-gdd34a7d (webtiles) character file.

56 Amnesiac the Gusty (level 3, 0/22 HPs)
             Began as a Tengu Air Elementalist on Mar 17, 2018.
             Was an Initiate of Vehumet.
             Slain by a worm (10 damage)
             ... on level 2 of the Dungeon.
             The game lasted 00:02:05 (1376 turns).

Amnesiac the Gusty (Tengu Air Elementalist)         Turns: 1376, Time: 00:02:05

Health: 0/22       AC:  2    Str:  8    XL:     3   Next: 97%
Magic:  2/7        EV: 13    Int: 16    God:    Vehumet [......]
Gold:   60         SH:  2    Dex: 14    Spells: 2/6 levels left

rFire    . . .     SeeInvis .   (no weapon)
rCold    . . .     Gourm    .   (no shield)
rNeg     . . .     Faith    .   a - +0 robe
rPois    .         Spirit   .   (helmet restricted)
rElec    .         Reflect  +   (no cloak)
rCorr    .         Harm     .   (no gloves)
MR       .....                  (boots unavailable)
Stlth    ++........             h - +2 amulet of reflection
HPRegen  0.07/turn              (no ring)
MPRegen  0.10/turn              (no ring)

@: no status effects
A: beak, talons 3
a: Renounce Religion


You were on level 2 of the Dungeon.
You worshipped Vehumet.
Vehumet was noncommittal.
You were not hungry.

You visited 1 branch of the dungeon, and saw 2 of its levels.

You collected 60 gold pieces.

Inventory:

Missiles
 g - a throwing net (quivered)
Armour
 a - a +0 robe (worn)
Jewellery
 h - a +2 amulet of reflection (around neck)
Scrolls
 b - a scroll of enchant armour {!r, unknown}
 f - a scroll of random uselessness {!r, unknown}
 j - a scroll of identify {!r, unknown}
 k - a scroll of immolation {!r, unknown}
Potions
 d - a potion of haste {!q, unknown}
 e - a potion of agility {!q, unknown}
 i - a potion of curing {!q, unknown}
 l - a potion of heal wounds {!q, unknown}
 n - a potion of lignification {!q, unknown}
Comestibles
 c - 3 rations
 m - 5 chunks of flesh


   Skills:
 * Level 2.5 Fighting
 * Level 3.0 Dodging
 - Level 2.0 Stealth
 - Level 2.0 Spellcasting
 + Level 2.0 Conjurations
 - Level 4.0 Air Magic


You had 2 spell levels left.
You knew the following spells:

 Your Spells              Type           Power        Failure   Level  Hunger
a - Shock                 Conj/Air       ##..         6%          1    #......
b - Static Discharge      Conj/Air       ##......     19%         3    ###....


Dungeon Overview and Level Annotations

Branches:
Dungeon (2/15)

Altars:
Fedhas
Hepliaklqana
Nemelex Xobeh
Vehumet


Innate Abilities, Weirdness & Mutations

You have a beak for a mouth.
You have claws for feet.


Message History

Casting: Shock (safe; 6% risk of failure)
Confirm with . or Enter, or press ? or * to list all spells.
You can't see any susceptible monsters within range! (Use Z to cast anyway.)
Casting: Shock (safe; 6% risk of failure)
Confirm with . or Enter, or press ? or * to list all spells.
You can't see any susceptible monsters within range! (Use Z to cast anyway.)
You see here 22 arrows.
Found 16 stones.
Casting: Shock (safe; 6% risk of failure)
Confirm with . or Enter, or press ? or * to list all spells.
You can't see any susceptible monsters within range! (Use Z to cast anyway.)
A jackal comes into view.
Found a ration.
Found an escape hatch in the floor.
Casting: Shock (safe; 6% risk of failure)
Confirm with . or Enter, or press ? or * to list all spells.
Aiming: Shock (safe; 6% risk of failure)
Press: ? - help, Shift-Dir - straight line The zap hits the jackal.
The jackal is almost dead.
The zap hits the jackal.
You kill the jackal!
Vehumet accepts your kill.
c - 3 rations (gained 1)
A worm comes into view.
Casting: Shock (safe; 6% risk of failure)
Confirm with . or Enter, or press ? or * to list all spells.
Aiming: Shock (safe; 6% risk of failure)
Press: ? - help, Shift-Dir - straight line, f - worm
Aim: a worm (resting)
The zap hits the worm.
The worm is moderately wounded.
The worm moves out of view.
Found 13 gold pieces.
Casting: Shock (safe; 6% risk of failure)
Confirm with . or Enter, or press ? or * to list all spells.
Aiming: Shock (safe; 6% risk of failure)
Press: ? - help, Shift-Dir - straight line, f/p - worm
Aim: a worm (lightly wounded)
The zap hits the worm.
The worm is heavily wounded.
The worm bites you!
A worm is nearby!
Casting: Shock (safe; 6% risk of failure)
Confirm with . or Enter, or press ? or * to list all spells.
Aiming: Shock (safe; 6% risk of failure)
Press: ? - help, Shift-Dir - straight line, f/p - worm
Aim: a worm (moderately wounded)
The zap hits the worm.
The worm is severely wounded.
A worm is nearby!
Casting: Shock (safe; 6% risk of failure)
Confirm with . or Enter, or press ? or * to list all spells.
Aiming: Shock (safe; 6% risk of failure)
Press: ? - help, Shift-Dir - straight line, f/p - worm
Aim: a worm (severely wounded)
The zap misses the worm.
The worm bites you.
* * * LOW HITPOINT WARNING * * *
Casting: Shock (safe; 6% risk of failure)
Confirm with . or Enter, or press ? or * to list all spells.
Aiming: Shock (safe; 6% risk of failure)
Press: ? - help, Shift-Dir - straight line, f/p - worm
Aim: a worm (severely wounded)
The zap misses the worm.
The worm bites you!
You die...

### ... # ####.###.#
#. ..#.w..$# #######
#.##.#@###
###.....#.#....#...#
........
.......##.## .#
....##.# #.....#...#
.# .....#.#
#.........# ..#
#....#.##
#...>#....# ..# #
.<......#
#........##...#.#
..##....#
#######.###....#
..##.##)# #.......#


You could see a worm.

Vanquished Creatures
  An adder (D:2)
  An ooze (D:2)
  2 dart slugs (D:1)
  A leopard gecko (D:1)
  2 giant cockroaches
  6 goblins (D:1)
  5 hobgoblins
  3 jackals (D:2)
  2 kobolds (D:1)
  3 bats
  3 frilled lizards (D:1)
  7 rats
36 creatures vanquished.

Notes
Turn   | Place    | Note
-------+----------+-------------------------------------------
     0 | D:1      | Amnesiac the Tengu Air Elementalist began the quest for the Orb.
     0 | D:1      | Reached XP level 1. HP: 10/10 MP: 4/4
    70 | D:1      | Reached skill level 1 in Fighting
   129 | D:1      | Reached XP level 2. HP: 12/16 MP: 4/6
   643 | D:1      | Reached XP level 3. HP: 21/21 MP: 1/7
   648 | D:1      | Learned a level 3 spell: Static Discharge
  1096 | D:2      | Found a sparkling altar of Nemelex Xobeh.
  1099 | D:2      | Found a radiant altar of Vehumet.
  1099 | D:2      | Found a hazy altar of Hepliaklqana.
  1099 | D:2      | Found a blossoming altar of Fedhas.
  1275 | D:2      | Became a worshipper of Vehumet
  1376 | D:2      | Slain by a worm

Vault maps used:
D:1:      dpeg_arrival_castle, kennysheep_nondescript, minmay_tiny_reverse_x
D:2:      chequers_temple_overflow_statue_of_worship, led_sif_pool, first_ration

Skill      XL: |  1  2  3 |
---------------+----------+-----
Fighting       | 1 2 |  2.5
Dodging        | 3 |  3.0
Conjurations   | 2 |  2.0
Stealth        | |  2.0
Spellcasting   | |  2.0
Air Magic      | |  4.0

Action                   || total
-------------------------++-------
Melee: Unarmed           ||    13
       Kick              ||     4
       Peck              ||     1
 Cast: Shock             ||    87
  Eat: Chunk             ||     3
Armor: Robe              ||     2
Dodge: Dodged            ||    22
Block: Other             ||     1

Table legend:
 A = Spawn XP
 B = Non-spawn XP
 C = Spawn XP percentage of total XP
 D = Spawn monster count
 E = Non-spawn monster count
 F = Spawn count percentage of total count
 G = Total turns spent on level
                    A         B        C        D         E        F      G
               +---------+---------+-------+---------+---------+-------+---------
         Total |       0 |      81 |   0.0 |       0 |      36 |   0.0 |  1376
               +---------+---------+-------+---------+---------+-------+---------
           D:1 |       0 |      48 |   0.0 |       0 |      26 |   0.0 |   994
           D:2 |       0 |      33 |   0.0 |       0 |      10 |   0.0 |   382
               +---------+---------+-------+---------+---------+-------+---------
